 Dungeon Crawl Stone Soup version 0.30.0-29-ga12c61a403 (webtiles) character file.

Game seed: 4499807682642622497

476 monsoonserge the Shooter (level 7, 0/52 HPs)
             Began as a Formicid Hunter on June 3, 2023.
             Was a Priest of Cheibriados.
             Slain by Crazy Yiuf
             ... wielding a +3 quarterstaff of chaos
              (5 damage)
             ... on level 3 of the Dungeon.
             The game lasted 00:12:23 (3026 turns).

monsoonserge the Shooter (Formicid Hunter)          Turns: 3026, Time: 00:12:24

Health: 0/52       AC:  7    Str: 23    XL:     7   Next: 33%
Magic:  8/8        EV: 11    Int: 15    God:    Cheibriados [***...]
Gold:   233        SH:  0    Dex: 26    Spells: 6/6 levels left

rFire   . . .        a - +0 shortbow
rCold   + . .        (no shield)
rNeg    . . .        j - +0 scale mail
rPois   .            (helmet unavailable)
rElec   .            i - +0 cloak
rCorr   .            (no gloves)
SInv    +            (no boots)
Will    .....        (no amulet)
Stlth   +            o - ring of wizardry
HPRegen 0.28/turn    v - ring of protection from cold
MPRegen 0.11/turn

%: wizardry (x1)
@: lethally poisoned (0 -> -8), very slow
A: permanent stasis, dig shafts and tunnels, antennae 3, four strong arms
a: Dig, Shaft Self, Renounce Religion, Bend Time, Temporal Distortion


You were on level 3 of the Dungeon.
You worshipped Cheibriados.
Cheibriados was most pleased with you.
You visited 1 branch of the dungeon, and saw 4 of its levels.

You collected 233 gold pieces.

Inventory:

Hand Weapons
 a - a +0 shortbow (weapon)
 h - a +1 war axe of venom
 y - a +2 rapier of draining
Missiles
 m - 6 poisoned darts
Armour
 c - a +0 leather armour
 i - a +0 cloak (worn)
 j - a +0 scale mail (worn)
 w - a +0 ring mail
Magical Staves
 p - a staff of air
 z - a staff of fire
Jewellery
 o - a ring of wizardry (left hand)
 v - a ring of protection from cold (right hand)
Scrolls
 b - a scroll of immolation
 e - 3 scrolls of enchant armour {unknown}
 g - 5 scrolls of teleportation {unknown}
 k - 3 scrolls of identify {unknown}
 l - a scroll of enchant weapon {unknown}
 q - a scroll of magic mapping {unknown}
 r - a scroll of fear {unknown}
 u - a scroll of vulnerability {unknown}
Potions
 d - a potion of resistance {unknown}
 f - 4 potions of haste {unknown}
 n - 4 potions of curing {unknown}
 s - 2 potions of lignification {unknown}
 t - 2 potions of degeneration {unknown}
 x - a potion of might {unknown}
 A - a potion of heal wounds {unknown}


   Skills:
 + Level 3.4 Fighting
 + Level 6.8 Ranged Weapons
 * Level 2.8 Armour
 + Level 2.1 Dodging
 + Level 1.2 Stealth
 * Level 2.4 Invocations


You had 6 spell levels left.
You didn't know any spells.
Your spell library was empty.

Dungeon Overview and Level Annotations

Branches:
Dungeon (4/15)
 Temple: D:4-7

Altars:
Cheibriados
Dithmenos
Elyvilon
Hepliaklqana
Makhleb
Ru
Xom

Shops:
D:3 :[*:[

Annotations:
D:3 Crazy Yiuf


Innate Abilities, Weirdness & Mutations

You cannot be hasted, slowed, berserked, paralysed or teleported.
You can dig through walls and to a lower floor.
You have a pair of large antennae on your head. (SInv)
Your four strong arms can wield two-handed weapons with a shield.


Message History

Crazy Yiuf freezes you.
You shoot an arrow.
The arrow hits Crazy Yiuf but does no damage.
Crazy Yiuf closely misses you.
You shoot an arrow. The arrow hits Crazy Yiuf.
Crazy Yiuf is lightly wounded.
Crazy Yiuf hits you with a +3 quarterstaff of chaos.
You are poisoned.
Crazy Yiuf hits you with a +3 quarterstaff of chaos!
You are more poisoned.
You shoot an arrow. The arrow closely misses Crazy Yiuf.
You feel very sick.
Crazy Yiuf hits you with a +3 quarterstaff of chaos!
* * * LOW HITPOINT WARNING * * *
Crazy Yiuf burns you.
* * * LOW HITPOINT WARNING * * *
Unknown command.
You are too injured to fight recklessly!
You fail to use your ability.
* * * LOW HITPOINT WARNING * * *
You feel very sick.
Crazy Yiuf hits you with a +3 quarterstaff of chaos.
* * * LOW HITPOINT WARNING * * *
Fire: a) +0 shortbow
Press: ? - help, Q - select action, (/) - cycle Shift-Dir - straight line, f/p - Crazy Yiuf
Aim: Crazy Yiuf, wielding a +3 quarterstaff of chaos and wearing a +0 cloak (lightly wounded, 72% to hit)
You shoot an arrow. The arrow hits Crazy Yiuf!
Crazy Yiuf is heavily wounded.
* * * LOW HITPOINT WARNING * * *
You feel very sick. Crazy Yiuf barely misses you.
Fire: a) +0 shortbow
Press: ? - help, Q - select action, (/) - cycle Shift-Dir - straight line, f/p - Crazy Yiuf
Aim: Crazy Yiuf, wielding a +3 quarterstaff of chaos and wearing a +0 cloak (heavily wounded, 72% to hit)
You shoot an arrow. The arrow hits Crazy Yiuf.
Crazy Yiuf is severely wounded.
* * * LOW HITPOINT WARNING * * *
You feel sick.
Crazy Yiuf hits you with a +3 quarterstaff of chaos.
You die...

#.# #. #.# #. #.# #.
#.# #. #.# #. ♣♣♣♣♣###
#.# #. ###
♣♣♣.♣..#.###.# #.
#...#♣..♣......##.# #.
#...g@♣♣♣♣......#.# #.
#)..#♣♣ ♣♣.#.....# #.
### ♣♣####### #. #. #.
### #. #.# #. #.# ###.
############.#######...


You could see Crazy Yiuf.

Vanquished Creatures
  Sigmund (D:3)
  Eustachio (D:4)
  4 adders
  3 gnolls (D:2)
  2 worms (D:3)
  2 dart slugs
  6 orcs
  11 bats
  7 endoplasms
  3 giant cockroaches
  8 goblins
  10 hobgoblins
  4 jackals (D:2)
  4 quokkas
  5 ball pythons
  2 frilled lizards
  10 kobolds
  5 rats
88 creatures vanquished.

Notes
Turn   | Place    | Note
-------+----------+-------------------------------------------
     0 | D:1      | monsoonserge the Formicid Hunter began the quest for the
                  | Orb.
     0 | D:1      | Reached XP level 1. HP: 16/16 MP: 1/1
    83 | D:1      | Reached XP level 2. HP: 22/22 MP: 2/2
   306 | D:1      | Reached XP level 3. HP: 27/27 MP: 3/3
   546 | D:1      | Reached skill level 5 in Ranged Weapons
   712 | D:2      | Reached XP level 4. HP: 32/34 MP: 4/4
   742 | D:2      | Found a faded altar of an unknown god.
   750 | D:2      | Prayed at the altar of an unknown god.
   750 | D:2      | Became a worshipper of Cheibriados the Contemplative
   750 | D:2      | Reached * piety under Cheibriados
   977 | D:2      | Reached ** piety under Cheibriados
   978 | D:2      | Reached XP level 5. HP: 37/39 MP: 5/5
  1566 | D:3      | Found Faji's General Store.
  1586 | D:3      | Reached skill level 1 in Armour
  1606 | D:3      | Found Xushrimp's Book Shoppe.
  1641 | D:3      | Found Goniegaq's Antique Armour Shop.
  1864 | D:3      | Noticed Sigmund
  1874 | D:3      | Killed Sigmund
  1875 | D:3      | Reached skill level 6 in Ranged Weapons
  1875 | D:3      | Reached skill level 1 in Invocations
  1875 | D:3      | Reached XP level 6. HP: 47/47 MP: 2/7
  1938 | D:3      | Found Kyupuoda's Book Shoppe.
  1984 | D:3      | Found a runed translucent door.
  1985 | D:3      | Noticed Crazy Yiuf
  2081 | D:3      | Found Niut Xof's Antique Armour Emporium.
  2421 | D:4      | Reached *** piety under Cheibriados
  2665 | D:4      | Noticed Eustachio
  2682 | D:4      | Killed Eustachio
  2683 | D:4      | Reached XP level 7. HP: 32/52 MP: 8/8
  2836 | D:4      | Found a hazy altar of Hepliaklqana.
  2840 | D:4      | Found a shadowy altar of Dithmenos.
  2870 | D:4      | Found a sacrificial altar of Ru.
  2870 | D:4      | Found a shimmering altar of Xom.
  2871 | D:4      | Found a white marble altar of Elyvilon.
  2887 | D:4      | Found a burning altar of Makhleb.
  2887 | D:4      | Noticed an Executioner
  2892 | D:4      | Noticed a smoke demon
  2892 | D:4      | Noticed a ynoxinul
  3026 | D:3      | Slain by Crazy Yiuf

Illustrated notes

Levels and vault maps discovered:
D:1:      tarquinn_simple_flora_water_a, layout_rooms,
          chequers_decorated_corner, fountainhead
D:2:      layout_basic, ebering_ecumenical_altar_webs, dreamdust_wishing_well
D:3:      layout_loops_ring, serial_shops, nicolae_shop_just_a_little_nook,
          nicolae_shop_just_a_little_nook, shop, shop, shop, chequers_big_river,
          grunt_ministairs_15, uniq_crazy_yiuf_cottage, uniq_sigmund
D:4:      layout_rooms, makhleb_altar_promises_db,
          nicolae_overflow_hidden_temple, uniq_eustachio

Skill      XL: |  1  2  3  4  5  6 |
---------------+-------------------+-----
Ranged Weapons | 5 6 |  6.8
Dodging        | 2 |  2.1
Armour         | 2 |  2.8
Fighting       | 3 |  3.4
Invocations    | 1 2 |  2.4
Stealth        | |  1.2

Action                     |  1- 3 |  4- 6 |  7- 9 || total
---------------------------+-------+-------+-------++-------
   Fire: Shortbow          |    94 |   162 |     6 ||   262
 Invoke: Bend Time         |       |     1 |       ||     1
Ability: Dig               |     2 |       |       ||     2
 Armour: Leather armour    |    10 |       |       ||    10
         Scale mail        |    29 |    39 |       ||    68
  Dodge: Dodged            |    41 |    67 |     2 ||   110
